 Dungeon Crawl Stone Soup version 0.26.1-11-gd32895ea62 (webtiles) character file.

Game seed: 15658332028510995996

1097 bigdumb the Poker (level 7, -1/59 HPs)
             Began as a Demigod Fighter on June 18, 2021.
             Succumbed to Sigmund's poison
             ... on level 6 of the Dungeon.
             The game lasted 00:08:13 (6239 turns).

bigdumb the Poker (Demigod Fighter)                 Turns: 6239, Time: 00:08:15

Health: -1/59      AC: 13    Str: 22 (23) XL:     7   Next: 84%
Magic:  4/9        EV:  6    Int: 11 (12) God:
Gold:   160        SH: 11    Dex: 14 (15) Spells: 6/6 levels left

rFire    . . .     SeeInvis .   a - +1 trident
rCold    . . .     Faith    .   c - +1 kite shield
rNeg     + . .     Spirit   .   n - +0 chain mail
rPois    .         Reflect  .   (no helmet)
rElec    .         Harm     .   p - +0 cloak
rCorr    .         Rampage  .   g - +0 pair of gloves
Will     +....                  q - +0 pair of boots
Stlth    ..........             (no amulet)
HPRegen  0.19/turn              j - ring of positive energy
MPRegen  0.11/turn              m - ring of stealth

@: lethally poisoned (-1 -> -22), about to teleport
A: high mp 1, strong-willed 1, sense surroundings 2, MP-powered wands
a: no special abilities


You were on level 6 of the Dungeon.
You visited 2 branches of the dungeon, and saw 7 of its levels.

You collected 160 gold pieces.

Inventory:

Hand Weapons
 a - a +1 trident (weapon)
Armour
 c - a +1 kite shield (worn)
 g - a +0 pair of gloves (worn)
 n - a +0 chain mail (worn)
 p - a +0 cloak (worn)
 q - a +0 pair of boots (worn)
 u - a +2 buckler
Jewellery
 j - a ring of positive energy (left hand)
 m - a ring of stealth (right hand)
Wands
 d - a wand of paralysis (16)
 l - a wand of enslavement (9)
Scrolls
 b - 4 scrolls of identify {unknown}
 e - a scroll of enchant weapon
 f - 2 scrolls of teleportation
 h - a scroll of enchant armour
 i - 3 scrolls of remove curse
 k - a scroll of blinking {unknown}
 r - a scroll of random uselessness {unknown}
 s - a scroll of immolation {unknown}
 v - a scroll of magic mapping {unknown}


   Skills:
 + Level 4.0 Fighting
 + Level 5.7 Polearms
 + Level 4.8 Armour
 + Level 1.8 Dodging
 + Level 4.7 Shields


You had 6 spell levels left.
You didn't know any spells.
Your spell library was empty.

Dungeon Overview and Level Annotations

Branches:
Dungeon (6/15)             Temple (1/1) D:4

Annotations:
D:3 2 transporters, DemonSlayer's ghost, amateur HuAr
D:6 Sigmund


Innate Abilities, Weirdness & Mutations

You have an increased reservoir of magic. (+10% MP)
You are strong-willed. (Will+)
You passively map the area around you.
You expend magic power (3 MP) to strengthen your wands.


Message History

Found a bloodstained altar of Trog.
As you read the scroll of teleportation, it crumbles to dust.
You feel strangely unstable.
* * * LOW HITPOINT WARNING * * *
You feel sick. The eye of draining gazes at you.
You feel your power leaking away.
* * * LOW HITPOINT WARNING * * *
You feel sick.
* * * LOW HITPOINT WARNING * * *
You feel sick. The eye of draining gazes at you.
You feel your power leaking away.
You feel extremely strange.
You feel a little more calm.
Your large bone plates disappear.
You feel your magical essence link to the dungeon's wands.
You feel a strange attunement to the structure of the dungeons.
Your attunement to dungeon structure grows.
You feel strong-willed.
You die...

** #.# , ,
#.# * * *
, #.#
####,* , ,
#.##...##
#.#.8...##
#........#
#.K..G._.#
#@O...G..#
*
###.8...##
##...## *
#### * * >
* , , , ,
*


You could see 2 eyes of draining, a big kobold and an ogre.

Vanquished Creatures
  An ice beast (D:5)
  2 ogres (D:5)
  A centaur (D:5)
  Blork the orc (D:6)
  A bullfrog (D:6)
  4 hounds
  3 orc priests
  A bullfrog skeleton (D:4)
  3 orc wizards
  A centaur skeleton (D:6)
  Terence (D:2)
  An iguana (D:6)
  3 worker ants
  3 adders
  4 gnolls (D:3)
  3 oozes
  2 adder skeletons
  A worm (D:3)
  A dart slug (D:1)
  4 leopard geckos
  10 orcs
  3 ball pythons
  5 bats
  2 giant cockroaches
  6 goblins
  8 hobgoblins
  2 frilled lizards (D:1)
  A giant cockroach zombie (D:5)
  2 gnoll zombies (D:5)
  A jackal skeleton (D:4)
  5 kobolds
  A quokka skeleton (D:5)
  3 rats (D:1)
90 creatures vanquished.

Vanquished Creatures (others)
  2 orc wizards (D:4)
2 creatures vanquished.

Grand Total: 92 creatures vanquished

Notes
Turn   | Place    | Note
-------+----------+-------------------------------------------
     0 | D:1      | bigdumb the Demigod Fighter began the quest for the Orb.
     0 | D:1      | Reached XP level 1. HP: 18/18 MP: 3/3
   111 | D:1      | Reached skill level 2 in Polearms
   145 | D:1      | Reached XP level 2. HP: 18/25 MP: 4/4
   633 | D:1      | Reached XP level 3. HP: 28/30 MP: 5/5
  1200 | D:2      | Noticed Terence
  1224 | D:2      | Killed Terence
  1586 | D:3      | Reached XP level 4. HP: 38/38 MP: 6/6
  1904 | D:3      | Reached skill level 3 in Polearms
  1983 | D:3      | Found a transporter.
  2007 | D:3      | Noticed DemonSlayer's ghost (amateur HuAr)
  2076 | D:3      | Found a transporter.
  2537 | D:4      | Reached XP level 5. HP: 40/45 MP: 7/7
  2635 | D:4      | Found a staircase to the Ecumenical Temple.
  2662 | Temple   | Entered the Ecumenical Temple
  3053 | D:4      | Reached skill level 1 in Dodging
  3478 | D:4      | Reached skill level 4 in Polearms
  3478 | D:4      | Reached XP level 6. HP: 37/51 MP: 8/8
  3942 | D:5      | Entered Level 5 of the Dungeon
  4592 | D:5      | Found a blossoming altar of Fedhas.
  4595 | D:5      | Found a stormy altar of Qazlal.
  4677 | D:5      | Reached XP level 7. HP: 52/57 MP: 9/9
  4684 | D:5      | Reached skill level 5 in Polearms
  4782 | D:5      | Found a basalt altar of Yredelemnul.
  4830 | D:5      | Found a burning altar of Makhleb.
  4830 | D:5      | Found a broken altar of Ashenzari.
  5288 | D:6      | Noticed Blork the orc
  5300 | D:6      | Killed Blork the orc
  6195 | D:6      | Noticed Sigmund
  6219 | D:6      | Gained mutation: You tend to lose your temper in combat.
                  | [potion of mutation]
  6219 | D:6      | Gained mutation: You are partially covered in large bone
                  | plates. (SH +4) [potion of mutation]
  6229 | D:6      | HP: 2/59 [something/magic dart (9)]
  6235 | D:6      | Found a bloodstained altar of Trog.
  6237 | D:6      | HP: 2/59 [poisoned by Sigmund]
  6239 | D:6      | Lost mutation: You tend to lose your temper in combat.
                  | [potion of mutation]
  6239 | D:6      | Lost mutation: You are partially covered in large bone
                  | plates. (SH +4) [potion of mutation]
  6239 | D:6      | Gained mutation: You expend magic power (3 MP) to
                  | strengthen your wands. [potion of mutation]
  6239 | D:6      | Gained mutation: You passively map a small area around you.
                  | [potion of mutation]
  6239 | D:6      | Gained mutation: You passively map the area around you.
                  | [potion of mutation]
  6239 | D:6      | Gained mutation: You are strong-willed. (Will+) [potion of
                  | mutation]
  6239 | D:6      | Succumbed to Sigmund's poison

Illustrated notes

Levels and vault maps discovered:
D:1:      wander_arrival_desolate, layout_loops_ring,
          wad_floor_pattern_untrapped
D:2:      layout_basic, lemuel_crystal_altar, uniq_terence
D:3:      layout_loops_ring, gammafunk_ghost_arena
D:4:      layout_cave_pods, minmay_temple_entry_purple_smoke
D:5:      layout_cave_pools, grunt_temple_overflow_forces_of_nature,
          lemuel_zombie_altar_yredelemnul, gammafunk_temple_overflow_pools
D:6:      layout_loops_corners, trog_eyes_of_draining, st_stairs_11,
          serial_park_tiny_1, uniq_eustachio, uniq_sigmund, uniq_blork_the_orc
Temple:   eino_temple_water

Skill      XL: |  1  2  3  4  5  6  7 |
---------------+----------------------+-----
Polearms       | 2 3 4 5 |  5.7
Shields        | 3 4 |  4.7
Armour         | 3 4 |  4.8
Fighting       | 3 4 |  4.0
Dodging        | 1 |  1.8

Action                   |  1- 3 |  4- 6 |  7- 9 || total
-------------------------+-------+-------+-------++-------
Melee: Trident           |   163 |   171 |   135 ||   469
  Use: Potion            |     1 |     4 |     5 ||    10
       Scroll            |       |     4 |     2 ||     6
Armor: Scale mail        |    58 |    38 |       ||    96
       Chain mail        |       |    20 |    50 ||    70
Dodge: Dodged            |    42 |    32 |    16 ||    90
Block: Kite shield       |    75 |    88 |    66 ||   229
